[Event "Team 45 45 League T41"]
[Site "Internet Chess Club"]
[Date "2009.05.21"]
[Round "4"]
[White "SeniorCitizen"]
[Black "medsurg"]
[Result "1-0"]
[WhiteElo "1365"]
[BlackElo "1418"]
[Opening "Ruy Lopez: four knights (Tarrasch) variation"]
[ECO "C77"]
[Time "16:00:52"]
[TimeControl "2700+45"]

1. e4 e5 2. Nf3 Nc6 3. Bb5 a6 4. Ba4 Nf6 5. Nc3 b5 6. Bb3 Be7 7. d3 O-O 8. O-O
d6 9. h3 Rb8 10. a3 Bd7 11. Nd5 Nxd5 12. Bxd5 Bf6 13. Be3 Qe8 14. Qd2 Be6 15.
Bg5 Bxg5 16. Nxg5 Bxd5 17. exd5 Ne7 18. Ne4 f5 19. Nc3 f4 20. b4 Qg6 21. Rae1
Nf5 22. Ne4 Nd4 23. Qd1 f3 24. g3 Qh5 25. Kh2 g5 26. Qd2 h6 27. Qd1 Rf7 28. c3
Ne2 29. d4 g4 30. h4 Nf4 31. dxe5 dxe5 32. d6 Ng6 33. dxc7 Rxc7 34. Nf6+ {Black
resigns} 1-0

[Event "Team 45 45 League T41"]
[Site "Internet Chess Club"]
[Date "2009.05.23"]
[Round "4"]
[White "Grenadier"]
[Black "Bill-W"]
[Result "0-1"]
[WhiteElo "1630"]
[BlackElo "1821"]
[Opening "Sicilian: closed"]
[ECO "B23"]
[Time "08:48:24"]
[TimeControl "2700+45"]

1. e4 c5 2. Nc3 g6 3. f4 Bg7 4. Nf3 Nc6 5. Bb5 Nd4 6. O-O Nxb5 7. Nxb5 d5 8. e5
a6 9. Nc3 Bg4 10. Qe1 Bxf3 11. Rxf3 e6 12. a4 Ne7 13. b3 Nf5 14. Ne2 O-O 15. Ba3
Rc8 16. c3 Re8 17. b4 b6 18. g4 Ne7 19. h4 d4 20. c4 d3 21. Ng3 Qd4+ 22. Kh2
cxb4 23. Bxb4 Qxc4 24. Bxe7 Rxe7 25. Ne4 Rb8 26. h5 b5 27. axb5 axb5 28. hxg6
fxg6 29. Rh3 b4 30. Rc1 Qd4 31. Nd6 Qxf4+ 32. Rg3 Bxe5 33. Rc8+ Rxc8 34. Nxc8
Qxg3+ 35. Qxg3 Bxg3+ 36. Kxg3 Rc7 {White resigns} 0-1

[Event "Team 45 45 League T41"]
[Site "Internet Chess Club"]
[Date "2009.05.23"]
[Round "4"]
[White "yellowpebble"]
[Black "blitzisbest"]
[Result "1-0"]
[WhiteElo "1515"]
[BlackElo "1573"]
[Opening "Ruy Lopez: 5.O-O"]
[ECO "C78"]
[Time "18:01:27"]
[TimeControl "2700+45"]

1. e4 e5 2. Nf3 Nc6 3. Bb5 a6 4. Ba4 Nf6 5. O-O b5 6. Bb3 Bc5 7. Re1 O-O 8. c3
d6 9. d4 exd4 10. cxd4 Bb4 11. Nc3 Bg4 12. Bg5 Re8 13. Bd5 Qd7 14. Bxf6 gxf6 15.
Qd3 Kh8 16. Rec1 Rab8 17. Nxb5 Rb6 18. Nc3 Rg8 19. Na4 Bxf3 20. Qxf3 Nxd4 21.
Qxf6+ Rg7 22. Qxd4 Qxa4 23. Rxc7 Rb8 24. Rxf7 Rg8 25. Rb7 Bc5 26. Qxa4 Rxg2+ 27.
Kh1 Bxf2 28. h3 Bg1 29. Bxg8 {Black resigns} 1-0

[Event "Team 45 45 League T41"]
[Site "Internet Chess Club"]
[Date "2009.05.23"]
[Round "4"]
[White "fredd"]
[Black "badmove"]
[Result "0-1"]
[WhiteElo "1498"]
[BlackElo "1585"]
[Opening "Grünfeld with e3 & Bd3"]
[ECO "D94"]
[Time "16:01:01"]
[TimeControl "2700+45"]

1. d4 Nf6 2. c4 g6 3. Nc3 d5 4. e3 Bg7 5. Nf3 O-O 6. Bd3 e6 7. O-O c6 8. Re1 Re8
9. c5 Nbd7 10. e4 dxe4 11. Nxe4 Nxe4 12. Rxe4 b6 13. b4 bxc5 14. bxc5 e5 15. Ng5
h6 16. Nxf7 Kxf7 17. Bc4+ Kf8 18. Qf3+ Qf6 19. Qb3 g5 20. Bg8 exd4 21. Rxe8+
Kxe8 22. Bd2 Kf8 23. Re1 Ne5 24. Rxe5 Bd7 25. Bxg5 hxg5 26. Rxg5 Re8 27. h4 Re1+
28. Kh2 Qf4+ 29. Rg3 Qxh4+ 30. Rh3 Be5+ 31. f4 Qxf4+ 32. Rg3 Qxg3+ 33. Qxg3
Bxg3+ {White resigns} 0-1

[Event "Team 45 45 League T41"]
[Site "Internet Chess Club"]
[Date "2009.05.24"]
[Round "4"]
[White "OOB1"]
[Black "scar99"]
[Result "1-0"]
[WhiteElo "1503"]
[BlackElo "1572"]
[Opening "French defense"]
[ECO "C00"]
[Time "14:12:38"]
[TimeControl "2700+45"]

1. e4 e6 2. Nc3 d5 3. e5 c5 4. d4 Nc6 5. Nf3 Qb6 6. Bb5 Bd7 7. dxc5 Bxc5 8. O-O
a6 9. Bxc6 Bxc6 10. a3 a5 11. Ne2 Bb5 12. c3 Bc4 13. Nd2 Bb5 14. a4 Bd3 15. b3
Qc7 16. Nf3 Be4 17. Ned4 Ne7 18. Nb5 Qb8 19. Bf4 Ng6 20. Bg3 O-O 21. Re1 Qd8 22.
Nfd4 Qg5 23. f3 Bf5 24. Kh1 Rac8 25. Bf2 Nf4 26. Bg3 Nd3 27. Rf1 h5 28. Nxf5
Qxf5 29. Nd4 Bxd4 30. cxd4 Rc3 31. Rb1 Rfc8 32. Qd2 b6 33. Qe3 Nxe5 34. Qxe5
Qxe5 35. Bxe5 Rd3 36. Rfd1 Rcc3 37. Rxd3 Rxd3 38. Bc7 Rxd4 39. Bxb6 Rd3 40. Bxa5
Kf8 41. Bb4+ Ke8 42. a5 Kd8 43. Kg1 Kc7 44. Bc5 Kb7 45. b4 Ka6 46. h3 Kb5 47.
Kf2 e5 48. Re1 Rd2+ 49. Kg3 f6 50. Rc1 d4 51. Bf8 g6 52. Rc5+ Ka4 53. Rc6 f5 54.
Rxg6 e4 55. fxe4 fxe4 56. a6 e3 57. Re6 Rd3 58. Kh2 Rb3 59. a7 d3 60. a8=Q+ Kb5
{Black resigns} 1-0

[Event "Team 45 45 League T41"]
[Site "Internet Chess Club"]
[Date "2009.05.24"]
[Round "4"]
[White "Ianjo"]
[Black "mfeatherston"]
[Result "1/2-1/2"]
[WhiteElo "1837"]
[BlackElo "1895"]
[Opening "Budapest: Rubinstein variation"]
[ECO "A52"]
[Time "11:00:47"]
[TimeControl "2700+45"]

1. d4 Nf6 2. c4 e5 3. dxe5 Ng4 4. Bf4 Nc6 5. Nf3 Bb4+ 6. Nbd2 Qe7 7. e3 Ngxe5 8.
Be2 O-O 9. O-O Bxd2 10. Qxd2 d6 11. h3 h6 12. Nd4 Re8 13. Rfe1 a6 14. b4 Ng6 15.
Nxc6 bxc6 16. Bg3 Ne5 17. Qd4 Bd7 18. Red1 a5 19. a3 Qe6 20. Qc3 Qf6 21. Bxe5
Qxe5 22. Qxe5 Rxe5 23. Bf3 Ra6 24. Kf1 Be6 25. Be2 Rb6 26. Rab1 axb4 27. axb4
Bf5 28. Rb2 Re8 29. Ra1 Reb8 30. b5 cxb5 31. cxb5 c6 32. Rd2 cxb5 33. Rad1 b4
34. Rb2 Kf8 35. Bc4 Ke7 36. Ra1 Be6 37. Rc1 Rc8 38. Rbc2 Rxc4 39. Rxc4 Bxc4+ 40.
Rxc4 b3 41. Rc1 b2 42. Rb1 Ke6 43. Ke2 Kd5 44. Kd3 f5 45. Kc3 Ke4 46. Kd2 g5 47.
f3+ Kd5 48. Kc3 h5 49. Rxb2 Rxb2 50. Kxb2 g4 51. Kc3 Ke5 52. Kd3 d5 53. f4+ Ke6
54. h4 Kd6 55. Kd4 g3 56. Kd3 Kc5 57. Kc3 Kc6 {Game drawn by mutual agreement}
1/2-1/2

[Event "Team 45 45 League T41"]
[Site "Internet Chess Club"]
[Date "2009.05.26"]
[Round "4"]
[White "BigC"]
[Black "Frieloe"]
[Result "1-0"]
[WhiteElo "1901"]
[BlackElo "1879"]
[Opening "Sicilian: Kan, 5.Nc3"]
[ECO "B43"]
[Time "11:05:20"]
[TimeControl "2700+45"]

1. e4 c5 2. Nf3 e6 3. d4 cxd4 4. Nxd4 a6 5. Nc3 Qc7 6. Bd3 Nc6 7. Be3 Nf6 8. O-O
Bb4 9. f4 Bc5 10. Nf5 Bxe3+ 11. Nxe3 d6 12. Qf3 O-O 13. Kh1 b5 14. Ng4 Nxg4 15.
Qxg4 b4 16. Ne2 f5 17. Qg5 h6 18. Qg3 fxe4 19. Bxe4 d5 20. Bd3 Qf7 21. Kg1 Qf6
22. c3 Bb7 23. Rae1 Rae8 24. a3 a5 25. axb4 axb4 26. Nc1 bxc3 27. bxc3 Ra8 28.
Nb3 Ra3 29. Bc2 Ba6 30. Rf3 Ra8 31. Nc5 Bc8 32. Kh1 Na5 33. Bd3 Nb7 34. Nxb7
Bxb7 35. Rfe3 Ra1 36. Bb1 Bc6 37. h3 Bd7 38. Re5 Kf8 39. Qe3 R8a3 40. Qc5+ Kg8
41. Qd6 Ra7 42. Qb8+ Kf7 43. f5 exf5 44. Rxf5 Qxf5 45. Bxf5 Rxe1+ 46. Kh2 Rea1
47. Bh7 Ra8 48. Bg8+ Ke7 49. Qe5+ Kf8 50. Qxd5 Be8 51. Bh7 {Black resigns} 1-0

[Event "Team 45 45 League T41"]
[Site "Internet Chess Club"]
[Date "2009.05.24"]
[Round "4"]
[White "LuxAeterna"]
[Black "Grenadier"]
[Result "1-0"]
[WhiteElo "1798"]
[BlackElo "1621"]
[Opening "Caro-Kann: advance variation"]
[ECO "B12"]
[Time "10:00:37"]
[TimeControl "2700+45"]

1. e4 c6 2. d4 d5 3. e5 Bf5 4. g4 Bd7 5. c4 e6 6. Qb3 Qb6 7. c5 Qxb3 8. axb3 f6
9. f4 Be7 10. Nf3 fxe5 11. fxe5 Bd8 12. Nc3 Ne7 13. Bd3 O-O 14. O-O b6 15. Na4
b5 16. Nc3 a5 17. Bd2 Bc7 18. Ne2 Be8 19. Nf4 Bd7 20. Ng5 h6 21. Ngxe6 Rxf4 22.
Nxf4 Bxg4 23. h3 Bf5 24. Bxf5 Nxf5 25. Ne6 Nxd4 26. Rf8+ Kh7 27. Nxc7 Ra7 28.
Bc3 Nxb3 29. Re1 Nxc5 30. Bd4 Rxc7 31. Bxc5 Nd7 32. Rf7 Kg6 33. e6 Nxc5 34. Rxc7
{Black resigns} 1-0

[Event "Team 45 45 League T41"]
[Site "Internet Chess Club"]
[Date "2009.05.21"]
[Round "4"]
[White "BrerRabbit"]
[Black "raimundo"]
[Result "1/2-1/2"]
[WhiteElo "1604"]
[BlackElo "1790"]
[Opening "English opening"]
[ECO "A13"]
[Time "19:01:43"]
[TimeControl "2700+45"]

1. c4 e6 2. g3 d5 3. Bg2 c6 4. Nf3 dxc4 5. O-O Nf6 6. a4 Qb6 7. Na3 Qb3 8. Nd4
Qxd1 9. Rxd1 Bc5 10. Nf3 Ne4 11. e3 Nd6 12. Ne5 Bxa3 13. Rxa3 f6 14. Nf3 Nd7 15.
b3 cxb3 16. Rxb3 Nc5 17. Ra3 a5 18. d4 Na6 19. Nd2 Nb4 20. Rb3 Bd7 21. Ba3 Kf7
22. Bxb4 axb4 23. Rxb4 Ra7 24. Nb3 Rha8 25. Nc5 Ke7 26. Rdb1 f5 27. Nxb7 Rxa4
28. Rxa4 Rxa4 29. Nxd6 Kxd6 30. h4 h6 31. Bf3 Ra5 32. Rb8 Ke7 33. Rb7 Kd6 34.
Rb8 Ke7 35. Rb7 {Game drawn by mutual agreement} 1/2-1/2

[Event "Team 45 45 League T41"]
[Site "Internet Chess Club"]
[Date "2009.05.23"]
[Round "4"]
[White "pawn111"]
[Black "SneakyRed"]
[Result "1-0"]
[WhiteElo "1849"]
[BlackElo "1935"]
[Opening "Caro-Kann: Panov-Botvinnik attack"]
[ECO "B13"]
[Time "09:01:24"]
[TimeControl "2700+45"]

1. e4 c6 2. d4 d5 3. exd5 cxd5 4. c4 e6 5. Nf3 Nf6 6. Be2 dxc4 7. Bxc4 Nc6 8.
Nc3 a6 9. O-O Be7 10. d5 Na5 11. Be2 Nxd5 12. Nxd5 Qxd5 13. Qa4+ Bd7 14. Qg4 Bf6
15. Rd1 Qc6 16. Rb1 Qa4 17. b4 Rd8 18. Bb2 Bxb2 19. Rxb2 O-O 20. Ne5 Bb5 21.
Rxd8 Rxd8 22. bxa5 Bxe2 23. Qxa4 {Black resigns} 1-0

[Event "Team 45 45 League T41"]
[Site "Internet Chess Club"]
[Date "2009.05.23"]
[Round "4"]
[White "Rainbird"]
[Black "Ickabod"]
[Result "0-1"]
[WhiteElo "1764"]
[BlackElo "1866"]
[Opening "English opening"]
[ECO "A05"]
[Time "10:01:08"]
[TimeControl "2700+45"]

1. Nf3 Nf6 2. c4 d6 3. g3 c6 4. Bg2 e5 5. d4 Nbd7 6. O-O Be7 7. Nc3 O-O 8. e4 h6
9. h3 Qc7 10. Be3 a6 11. d5 Rb8 12. dxc6 Qxc6 13. Nd2 b5 14. Nd5 Nxd5 15. cxd5
Qb7 16. b4 Nb6 17. Rc1 Bd7 18. Bxb6 Qxb6 19. Nb3 Rbc8 20. Qd2 Bg5 21. Rxc8 Bxd2
22. Rxf8+ Kxf8 23. Nxd2 Qd4 {White resigns} 0-1

[Event "Team 45 45 League T41"]
[Site "Internet Chess Club"]
[Date "2009.05.22"]
[Round "4"]
[White "MOchess-boy"]
[Black "Duguesclin"]
[Result "1-0"]
[WhiteElo "1786"]
[BlackElo "1618"]
[Opening "QGD: Ragozin variation"]
[ECO "D38"]
[Time "14:00:29"]
[TimeControl "2700+45"]

1. d4 Nf6 2. Nf3 d5 3. c4 e6 4. Nc3 Bb4 5. cxd5 exd5 6. g3 O-O 7. Bg2 Ne4 8. Qb3
Bxc3+ 9. bxc3 Nc6 10. Nd2 Nf6 11. O-O Na5 12. Qc2 Re8 13. e4 dxe4 14. Nxe4 Bf5
15. Bg5 Bxe4 16. Bxe4 h6 17. Bxf6 Qxf6 18. Rab1 Rab8 19. Qa4 b6 20. Rfe1 Rbc8
21. Bh7+ Kxh7 22. Rxe8 Rxe8 23. Qxe8 Nc4 24. Qe2 Nd6 25. Re1 Qf5 26. Qe7 Qf3 27.
Qxc7 Ne4 28. Qf4 Ng5 29. Qxf3 Nxf3+ 30. Kf1 Nxe1 31. Kxe1 Kg6 32. Ke2 Kf5 33.
Ke3 b5 34. f4 Ke6 35. Kd3 Kd5 36. f5 g6 37. fxg6 fxg6 38. h3 h5 39. h4 a6 40.
Ke3 a5 41. Kd3 b4 42. c4+ Kd6 43. c5+ Kd5 44. Kc2 a4 45. Kd3 a3 46. Kc2 Kc6 47.
Kb3 Kb5 48. c6 Kxc6 49. Kxb4 Kd5 50. Kxa3 Kxd4 51. Kb4 Ke3 52. a4 Kf3 53. a5
Kxg3 54. a6 Kxh4 55. a7 g5 56. a8=Q g4 57. Qh1+ Kg5 58. Qh2 h4 59. Qe5+ Kg6 60.
Qf4 {Black resigns} 1-0

[Event "Team 45 45 League T41"]
[Site "Internet Chess Club"]
[Date "2009.05.26"]
[Round "4"]
[White "Lionskins"]
[Black "miranda01"]
[Result "1-0"]
[WhiteElo "1630"]
[BlackElo "1446"]
[Opening "Réti opening"]
[ECO "A06"]
[Time "03:33:20"]
[TimeControl "2700+45"]

1. Nf3 d5 2. e3 Nf6 3. c4 c6 4. Nc3 Bg4 5. Qb3 Qd7 6. Ne5 Qc7 7. Nxg4 Nxg4 8.
cxd5 cxd5 9. Nxd5 Qd7 10. Qc4 Ne5 11. Qb3 e6 12. Nf4 Be7 13. Be2 O-O 14. h4 h6
15. g4 Nbc6 16. a3 a6 17. Qc2 Rac8 18. Qe4 Rfd8 19. g5 h5 20. d4 Ng4 21. Bd3 Bd6
22. Qh7+ Kf8 23. Nxh5 g6 24. Qg7+ Ke7 25. Bxg6 Rf8 26. Nf6 Qc7 27. Nxg4 Ke8 28.
Nf6+ Ke7 29. Bd2 Kd8 30. Bd3 Ke7 31. Rc1 Qd8 32. g6 Na7 33. Rxc8 Qxc8 34. Nh7
Rg8 35. Qxf7+ {Black resigns} 1-0

[Event "Team 45 45 League T41"]
[Site "Internet Chess Club"]
[Date "2009.05.21"]
[Round "4"]
[White "tsia68"]
[Black "qs16"]
[Result "0-1"]
[WhiteElo "1857"]
[BlackElo "1726"]
[Opening "Sicilian"]
[ECO "B50"]
[Time "09:01:03"]
[TimeControl "2700+45"]

1. e4 c5 2. Nf3 d6 3. d3 e5 4. g3 Bg4 5. Bg2 Nc6 6. c3 Nf6 7. O-O Be7 8. Nbd2
O-O 9. h3 Be6 10. Re1 Qc7 11. Nc4 Rad8 12. Qe2 b5 13. Ne3 a6 14. Nh4 Qd7 15.
Nhf5 Ne8 16. Nxe7+ Nxe7 17. g4 Nc7 18. Nf5 f6 19. Be3 Nxf5 20. gxf5 Bf7 21. Qg4
Qe7 22. Bh6 Be8 23. Kh2 Kh8 24. Be3 d5 25. Bf3 Bc6 26. Rg1 Rd7 27. Rg2 dxe4 28.
dxe4 Rfd8 29. Rag1 Ne8 30. Bh6 Qf8 31. Qg3 Rc8 32. Be3 Rcc7 33. Bh6 Nd6 34. Qg4
Nc4 35. Bc1 Nd2 36. Re1 Qg8 37. b3 Nxf3+ 38. Qxf3 Qd8 39. Rgg1 Rd3 40. Re3 Rcd7
41. Rxd3 Rxd3 42. Qg4 Rd7 43. h4 Qa8 44. f3 Qe8 45. Kh3 Qf8 46. Be3 c4 47. b4
Rd3 48. Bc5 Qf7 49. Rc1 Qb7 50. Kh2 Qd7 51. Bf8 Kg8 52. Bc5 Rxc3 53. Rg1 Rc2+
54. Kh3 Rd2 55. Be3 Rd3 56. Bh6 g6 57. h5 g5 58. Bxg5 Qg7 59. Bxf6 Rxf3+ 60.
Qxf3 Qxg1 61. Bxe5 Kf7 62. Bc3 Qg5 63. Qg4 Qe3+ 64. Qg3 Qxg3+ 65. Kxg3 Bxe4 66.
Kf4 Bd3 67. h6 Bc2 68. Ke5 Bd1 69. Kd6 Bg4 70. f6 Bh5 71. Ke5 Bg4 72. Kd6 Be6
73. Ke5 Bd7 74. Kd6 Be8 75. a3 Kg6 76. Ke7 Bf7 77. Be5 Bd5 78. Bc3 Kxh6 79. f7
Bxf7 80. Kxf7 Kg5 81. Ke6 Kg4 82. Ke5 Kf3 83. Be1 Ke3 84. Kd5 Kd3 85. Ke5 c3 86.
Kd5 c2 {White resigns} 0-1

[Event "Team 45 45 League T41"]
[Site "Internet Chess Club"]
[Date "2009.05.22"]
[Round "4"]
[White "SugarIslander"]
[Black "PJ"]
[Result "1/2-1/2"]
[WhiteElo "1716"]
[BlackElo "1763"]
[Opening "Scotch gambit: Dubois-Réti defense"]
[ECO "C55"]
[Time "14:02:36"]
[TimeControl "2700+45"]

1. e4 e5 2. Nf3 Nc6 3. Bc4 Nf6 4. d4 exd4 5. e5 d5 6. Bb5 Ne4 7. Nxd4 Bd7 8.
Bxc6 bxc6 9. Nd2 Qh4 10. O-O Bc5 11. Nxe4 Qxe4 12. c3 O-O 13. Re1 Qg6 14. Bf4
Rad8 15. b4 Bb6 16. a4 a6 17. a5 Ba7 18. Qe2 c5 19. Nb3 cxb4 20. cxb4 d4 21. Qe4
Qxe4 22. Rxe4 Be6 23. Nc5 Bxc5 24. bxc5 Bc4 25. Ra4 Be6 26. Rexd4 Rb8 27. Rab4
Rfc8 28. Be3 Kf8 29. f4 Ke8 30. Kf2 Bd7 31. h3 Rxb4 32. Rxb4 Bb5 33. g4 Rd8 34.
Rd4 Rxd4 35. Bxd4 c6 36. e6 g6 37. exf7+ Kxf7 38. Ke3 Bf1 39. h4 Ke6 40. Be5
{Game drawn by mutual agreement} 1/2-1/2

[Event "Team 45 45 League T41"]
[Site "Internet Chess Club"]
[Date "2009.05.22"]
[Round "4"]
[White "room-matt"]
[Black "rom1"]
[Result "1-0"]
[WhiteElo "1791"]
[BlackElo "1605"]
[Opening "Alekhine's defense: exchange variation"]
[ECO "B02"]
[Time "15:03:51"]
[TimeControl "2700+45"]

1. e4 Nf6 2. e5 Nd5 3. c4 Nb6 4. d4 d6 5. exd6 cxd6 6. Nc3 g6 7. Be3 Bg7 8. Rc1
Nc6 9. b3 O-O 10. d5 Ne5 11. Nf3 Bg4 12. Be2 Nbd7 13. Nxe5 Bxe2 14. Qxe2 Nxe5
15. O-O a6 16. f4 Nd7 17. f5 Ne5 18. fxg6 fxg6 19. Rxf8+ Bxf8 20. Ne4 Qc8 21. h3
Qf5 22. Bd4 Bg7 23. Rf1 Qd7 24. Qe3 Rf8 25. Rxf8+ Bxf8 26. Bxe5 dxe5 27. Ng5 Qf5
28. Kh2 Bh6 29. h4 Qg4 30. Qxe5 Qxh4+ 31. Nh3 Bf8 32. Qe6+ Kg7 33. Qd7 Kh6 34.
Qxb7 Bg7 35. Qc7 Qe4 36. Qf4+ Qxf4+ 37. Nxf4 Be5 38. g3 Kg5 39. Ne6+ Kf6 40. c5
Bb8 41. b4 Ke5 42. c6 Kd6 43. Kg2 Bc7 44. Kf3 Bb6 45. Ke4 h6 46. a4 h5 47. b5 a5
48. Nf4 Bf2 49. Kf3 Bb6 50. Nxg6 Kxd5 51. Nxe7+ Ke6 52. Ng6 Kf5 53. Nf4 Kg5 54.
Nd5 {Black resigns} 1-0

[Event "Team 45 45 League T41"]
[Site "Internet Chess Club"]
[Date "2009.05.23"]
[Round "4"]
[White "oldsj"]
[Black "themis8"]
[Result "0-1"]
[WhiteElo "1628"]
[BlackElo "1830"]
[Opening "French: exchange variation"]
[ECO "C01"]
[Time "10:00:12"]
[TimeControl "2700+45"]

1. e4 e6 2. d4 d5 3. exd5 exd5 4. c4 Bb4+ 5. Nc3 Ne7 6. Nf3 O-O 7. Be2 dxc4 8.
Bxc4 Bg4 9. O-O Nbc6 10. a3 Bxf3 11. Qxf3 Qxd4 12. axb4 Qxc4 13. b5 Nd4 14. Qxb7
Rab8 15. Qxa7 Nxb5 16. Ra4 Qxf1+ 17. Kxf1 Nxa7 18. Rxa7 Ng6 19. Rxc7 Rfe8 20.
Nd5 Rbd8 21. Ne3 Rc8 22. Rxc8 Rxc8 23. Bd2 Rb8 24. Bc3 f6 25. b4 Kf7 26. Ke2
Nf4+ 27. Kd2 Ke6 28. Nc2 Nxg2 29. Nd4+ Kd5 30. Kc2 Nf4 31. Kb3 Ne6 32. Nxe6 Kxe6
33. Ka4 Kd5 34. Ka5 Kc6 35. Ka4 Ra8+ 36. Kb3 Kb5 37. Bd2 Rd8 38. Be3 Rd3+ 39.
Kc2 Rd5 40. Kb3 Rh5 41. Bf4 Rh3+ 42. Bg3 g5 {White resigns} 0-1

[Event "Team 45 45 League T41"]
[Site "Internet Chess Club"]
[Date "2009.05.22"]
[Round "4"]
[White "viking99"]
[Black "makramkozman"]
[Result "1-0"]
[WhiteElo "1857"]
[BlackElo "1756"]
[Opening "Sicilian: Najdorf, Byrne (English) attack"]
[ECO "B90"]
[Time "20:02:19"]
[TimeControl "2700+45"]

1. e4 c5 2. Nf3 d6 3. d4 cxd4 4. Nxd4 Nf6 5. Nc3 a6 6. Be3 e5 7. Nb3 Be6 8. Be2
Be7 9. f3 Nbd7 10. Qd2 O-O 11. a4 b6 12. O-O Re8 13. Nd5 Nxd5 14. exd5 Bf5 15.
Bd3 Bg6 16. Qe2 Qc8 17. Nd2 Qb7 18. c4 f5 19. b4 Nf6 20. Qf2 Bd8 21. Nb3 f4 22.
Bxg6 fxe3 23. Qxe3 hxg6 24. Nd2 b5 25. Qg5 bxc4 26. Qxg6 Qxb4 27. Ne4 Be7 28.
Ng5 Qd2 29. Rad1 Qe3+ 30. Kh1 Rab8 31. h4 Qf4 32. Qf7+ Kh8 33. Ne6 Qxh4+ 34. Kg1
Nh5 35. Rfe1 Bf6 36. Re4 Nf4 37. Nxf4 exf4 38. Rxe8+ Rxe8 39. Qxe8+ Kh7 40. Qe4+
Kh6 41. Qxc4 a5 42. Qe4 Be5 43. Qf5 g6 44. Qf8+ Kg5 45. Qd8+ Bf6 46. Qxa5 Qh8
47. Qd2 Qa8 48. a5 Qa7+ 49. Kf1 Qh7 50. Ke2 Qe7+ 51. Kd3 Qe5 52. Kc4 Qe8 53. Kb4
Qb8+ 54. Ka4 Qe8+ 55. Ka3 Qe3+ 56. Qxe3 fxe3 57. a6 Bd4 58. Rxd4 Kf5 59. Re4
{Black resigns} 1-0

[Event "Team 45 45 League T41"]
[Site "Internet Chess Club"]
[Date "2009.05.26"]
[Round "4"]
[White "quotha"]
[Black "Marichan"]
[Result "1/2-1/2"]
[WhiteElo "1686"]
[BlackElo "1881"]
[Opening "King's Indian: Sämisch, 5...O-O"]
[ECO "E85"]
[Time "17:32:13"]
[TimeControl "2700+45"]

1. d4 Nf6 2. c4 g6 3. f3 Bg7 4. e4 d6 5. Nc3 O-O 6. Nge2 e5 7. Be3 Nc6 8. d5 Ne7
9. Qb3 c6 10. O-O-O cxd5 11. cxd5 Ne8 12. Kb1 f5 13. Nb5 Nf6 14. Nec3 a6 15. Na3
b5 16. Nc2 fxe4 17. fxe4 Ng4 18. Bg1 Nf2 19. Bxf2 Rxf2 20. Nb4 Bg4 21. Re1 Kh8
22. h3 Bd7 23. Nd3 Rf8 24. Be2 Rb8 25. Rhf1 Qb6 26. Rxf8+ Rxf8 27. Bf3 a5 28.
Qd1 b4 29. Na4 Qa6 30. Ndc5 dxc5 31. Nxc5 Qa7 32. Nxd7 Qxd7 33. Bg4 Qd6 34. Rf1
h5 35. Be6 Rf6 36. Rxf6 Bxf6 37. g4 hxg4 38. Qxg4 Qa6 39. Qf3 Kg7 40. h4 Qb6 41.
h5 Qg1+ 42. Kc2 Qh2+ 43. Kb3 gxh5 44. a3 h4 45. Qh5 Qg3+ 46. Ka4 Qg6 47. Qf3
bxa3 48. bxa3 Ng8 49. Kxa5 Qg3 50. Qg4+ Qxg4 51. Bxg4 Bd8+ 52. Kb5 Kf6 53. a4
Ke7 54. a5 Bxa5 55. Kxa5 Kd6 56. Kb5 Nf6 57. Bf3 h3 58. Kc4 h2 59. Kd3 {Game
drawn by mutual agreement} 1/2-1/2

[Event "Team 45 45 League T41"]
[Site "Internet Chess Club"]
[Date "2009.05.23"]
[Round "4"]
[White "az2112"]
[Black "pelayo"]
[Result "1/2-1/2"]
[WhiteElo "1753"]
[BlackElo "1583"]
[Opening "Ruy Lopez: Marshall counter-attack, 11...c6"]
[ECO "C89"]
[Time "11:10:43"]
[TimeControl "2700+45"]

1. e4 e5 2. Nf3 Nc6 3. Bb5 a6 4. Ba4 Nf6 5. O-O Be7 6. Re1 b5 7. Bb3 O-O 8. c3
d5 9. exd5 Nxd5 10. Nxe5 Nxe5 11. Rxe5 c6 12. Re1 Bf6 13. d4 Re8 14. Be3 Bf5 15.
Nd2 a5 16. a4 b4 17. c4 Nxe3 18. fxe3 Bxd4 19. exd4 Qxd4+ 20. Kh1 Qxb2 21. Ra2
Qc3 {Game drawn by mutual agreement} 1/2-1/2

[Event "Team 45 45 League T41"]
[Site "Internet Chess Club"]
[Date "2009.05.24"]
[Round "4"]
[White "shakkiipe"]
[Black "Zebbile"]
[Result "1-0"]
[WhiteElo "1838"]
[BlackElo "2022"]
[Opening "Grünfeld: modern exchange variation"]
[ECO "D85"]
[Time "09:00:20"]
[TimeControl "2700+45"]

1. d4 Nf6 2. c4 g6 3. Nc3 d5 4. cxd5 Nxd5 5. e4 Nxc3 6. bxc3 Bg7 7. Nf3 O-O 8.
Be2 b6 9. O-O Bb7 10. Qd3 Qd7 11. Bf4 Rd8 12. Ne5 Qa4 13. Rfb1 c5 14. d5 Ba6 15.
Qe3 Nd7 16. Bd1 Qa5 17. Nc6 Qxc3 18. e5 Qxe3 19. fxe3 Re8 20. Bg4 f5 21. Bf3 Bd3
22. Rd1 Be4 23. Bxe4 fxe4 24. Rac1 h6 25. Rc4 g5 26. Bg3 Nb8 27. e6 Na6 28. Rxe4
b5 29. Nxe7+ Rxe7 30. d6 Rae8 31. dxe7 Rxe7 32. Rd8+ Bf8 33. Bd6 Kg7 34. Be5+
Kg6 35. Rxf8 Rxe6 36. g4 Nb4 37. Rg8+ Kf7 38. Rg7+ Kf8 39. Rxa7 Ke8 40. Rc7 Nd3
41. Kg2 Kd8 42. Rf7 Ke8 43. Rf6 Rxe5 44. Rxe5+ Nxe5 45. Re6+ Kd7 46. Rxe5 Kd6
47. Rf5 b4 48. Kf2 Kc6 49. Ke2 c4 50. Kd2 Kb6 51. Kc2 Kc6 52. e4 Kb6 53. e5
{Black resigns} 1-0

[Event "Team 45 45 League T41"]
[Site "Internet Chess Club"]
[Date "2009.05.26"]
[Round "4"]
[White "pishd"]
[Black "Harmonicus"]
[Result "1/2-1/2"]
[WhiteElo "1750"]
[BlackElo "1833"]
[Opening "Queen's pawn: London system"]
[ECO "A45"]
[Time "15:04:10"]
[TimeControl "2700+45"]

1. d4 Nf6 2. Bf4 e6 3. e3 b6 4. Nf3 Bb7 5. Bd3 Be7 6. h3 c5 7. c3 O-O 8. O-O d6
9. Qe2 Ne4 10. Rd1 Nd7 11. Nbd2 f5 12. Bc4 d5 13. Bd3 Bf6 14. Bb5 Kh8 15. Bxd7
Qxd7 16. Ne5 Qe8 17. f3 Nxd2 18. Qxd2 Bxe5 19. Bxe5 Qe7 20. Rab1 Bc6 21. b4 c4
22. b5 Be8 23. Rb2 Bg6 24. Rb4 Rfd8 25. Qb2 Rd7 26. Ra1 Rb7 27. a4 Rd8 28. Qf2
{Game drawn by mutual agreement} 1/2-1/2

[Event "Team 45 45 League T41"]
[Site "Internet Chess Club"]
[Date "2009.05.23"]
[Round "4"]
[White "Razorbackchess"]
[Black "Bill-W"]
[Result "0-1"]
[WhiteElo "1712"]
[BlackElo "1833"]
[Opening "Bogo-Indian defense, Nimzovich variation"]
[ECO "E11"]
[Time "15:09:58"]
[TimeControl "2700+45"]

1. d4 Nf6 2. c4 e6 3. Nf3 Bb4+ 4. Bd2 Qe7 5. g3 Nc6 6. Bg2 Bxd2+ 7. Nbxd2 O-O 8.
O-O d6 9. e4 e5 10. d5 Nb8 11. Ne1 Bd7 12. Nd3 a5 13. f4 c6 14. f5 cxd5 15. cxd5
Bb5 16. Qf3 Nbd7 17. Rfc1 Rac8 18. h3 Nc5 19. Nxc5 Rxc5 20. Rxc5 dxc5 21. Rc1
Rc8 22. Bf1 Bxf1 23. Qxf1 h5 24. Qb5 Qc7 25. Kg2 b6 26. Kf3 Ne8 27. Nc4 Rb8 28.
a3 Nd6 29. Nxd6 Qxd6 30. b4 axb4 31. axb4 Qh6 32. Rxc5 Ra8 33. Rc3 h4 34. Qe2
hxg3 35. Kxg3 Qf4+ 36. Kg2 Qg5+ 37. Rg3 Qf4 38. Rf3 Qg5+ 39. Kh2 Ra1 40. Qg2 Qc1
41. Rg3 Qf4 42. Qc2 Ra3 43. Qg2 Re3 44. d6 Rd3 45. f6 Rd2 46. Qxd2 Qxd2+ 47. Rg2
Qxd6 48. fxg7 Qxb4 49. h4 Qxe4 {White resigns} 0-1

[Event "Team 45 45 League T41"]
[Site "Internet Chess Club"]
[Date "2009.05.22"]
[Round "4"]
[White "jacknor"]
[Black "Frankly"]
[Result "1-0"]
[WhiteElo "1597"]
[BlackElo "1648"]
[Opening "Sicilian: closed"]
[ECO "B23"]
[Time "15:05:28"]
[TimeControl "2700+45"]

1. e4 c5 2. Nc3 d6 3. f4 g6 4. Nf3 Bg7 5. Bb5+ Bd7 6. Bc4 Nc6 7. O-O e6 8. d3
Nge7 9. Be3 O-O 10. d4 cxd4 11. Nxd4 Qb6 12. Nf5 Qxb2 13. Nxe7+ Nxe7 14. Ne2 Qb4
15. Bd3 Bxa1 16. Qxa1 Bc6 17. Rb1 Qa5 18. Qf6 Nc8 19. Bd4 e5 20. fxe5 Qd8 21.
Qf4 d5 22. exd5 Bxd5 23. Nc3 Bc6 24. Ne2 Qd5 25. Qf2 Re8 26. Nc3 Qe6 27. Rf1 b6
28. Ne4 Bxe4 29. Bxe4 Rb8 30. Qf3 Ne7 31. g4 a5 32. h4 Rbc8 33. c3 Qxa2 34. Bxb6
a4 35. Bd4 a3 36. Rf2 Qe6 37. Bb1 Nc6 38. Ba2 Nxd4 39. cxd4 Rc1+ 40. Kg2 Qd7 41.
Bxf7+ Kf8 42. Bxe8+ Kxe8 43. Qf8# {Black checkmated} 1-0